 Dungeon Crawl Stone Soup version 0.19-a0-1866-ge6f2195 (webtiles) character file.

27 PurpleRed the Conjurer (level 3, 0/19 HPs)
             Began as a Kobold Conjurer on Oct 12, 2016.
             Slain by an adder (5 damage)
             ... on level 2 of the Dungeon.
             The game lasted 00:04:04 (523 turns).

PurpleRed the Conjurer (Kobold Conjurer)             Turns: 523, Time: 00:04:04

Health: 0/19       AC:  2    Str:  5    XL:     3   Next: 25%
Magic:  1/7        EV: 15    Int: 17    God:
Gold:   92         SH:  0    Dex: 15    Spells: 2 memorised, 5 levels left

rFire  . . .     SeeInvis .     i - +0 dagger
rCold  . . .     Gourm    .     a - +0 robe
rNeg   . . .     Faith    .     (shield restricted)
rPois  .         Spirit   .     (no helmet)
rElec  .         Dismiss  .     (no cloak)
rCorr  .         Reflect  .     (no gloves)
MR     .....     Harm     .     (no boots)
Stlth  ++........               (no amulet)
                                (no ring)
                                (no ring)

@: no status effects
A: carnivore 3
a: no special abilities


You were on level 2 of the Dungeon.
You were not hungry.

You visited 1 branch of the dungeon, and saw 3 of its levels.

You collected 92 gold pieces.

Inventory:

Hand Weapons
 i - a +0 dagger (weapon)
 n - a +0 blowgun
Missiles
 f - 14 sling bullets (quivered)
 o - 20 poisoned needles
Armour
 a - a +0 robe (worn)
Scrolls
 g - a scroll of magic mapping {unknown}
 j - a scroll of enchant weapon {unknown}
 k - a scroll of random uselessness {unknown}
 l - a scroll of immolation {unknown}
 m - a scroll of fear {unknown}
 q - a scroll of teleportation {unknown}
Potions
 d - a potion of curing {unknown}
 e - a potion of berserk rage {unknown}
 h - 2 potions of degeneration {unknown}
 p - a potion of magic {unknown}
Books
 b - a book of Conjurations

   Spells                             Type                      Level
   a - Magic Dart                     Conjuration                  1
   b - Searing Ray                    Conjuration                  2
   c - Dazzling Spray                 Conjuration/Hexes            3
   d - Fulminant Prism                Conjuration/Hexes            4
   e - Iskenderun's Mystic Blast      Conjuration                  4
   f - Iskenderun's Battlesphere      Conjuration/Charms           5
Comestibles
 c - a meat ration


   Skills:
 - Level 2.4 Dodging
 - Level 2.6 Stealth
 + Level 3.0 Spellcasting
 + Level 4.4 Conjurations


You had 5 spell levels left.
You knew the following spells:

 Your Spells              Type           Power        Failure   Level  Hunger
a - Magic Dart            Conj           ###.         2%          1    None
b - Searing Ray           Conj           ###...       4%          2    ##.....


Dungeon Overview and Level Annotations

Branches:
Dungeon (3/15)

Altars:
Dithmenos


Innate Abilities, Weirdness & Mutations

You are small and have problems with some larger weapons.
You are carnivorous and can eat meat at any time.


Message History

Confirm with . or Enter, or press ? or * to list all spells.
Aiming: Magic Dart
Press: ? - help, Shift-Dir - straight line, f/p - ooze
Aim: an ooze (almost dead)
The magic dart hits the ooze.
You kill the ooze!
Your Spellcasting skill increases to level 3!
q - a scroll labeled MOUTEMU JAUDO You now have 92 gold pieces (gained 16).
An adder comes into view.
The adder hisses angrily.
Casting: Magic Dart
Confirm with . or Enter, or press ? or * to list all spells.
Aiming: Magic Dart
Press: ? - help, Shift-Dir - straight line, f - adder
Aim: an adder The magic dart hits the adder.
The adder is lightly wounded.
The adder bites you.
You die...

##..........#
#........###
##........###
#>†...........+
###).......######
#....##.#+#####
#..............
#..####.#.#####
#.....S@#.#
#.......+ .
###.....# .#
#....<... #
######.## .. #.
..


You could see an adder.

Vanquished Creatures
  An ooze (D:2)
  A worm (D:2)
  A dart slug (D:1)
  A giant cockroach (D:1)
  A goblin (D:1)
  A hobgoblin (D:1)
  2 jackals (D:1)
  A quokka (D:3)
  3 bats (D:1)
  3 kobolds
  3 rats
18 creatures vanquished.

Notes
Turn   | Place    | Note
-------+----------+-------------------------------------------
     0 | D:1      | PurpleRed the Kobold Conjurer began the quest for the Orb.
     0 | D:1      | Reached XP level 1. HP: 10/10 MP: 3/3
   102 | D:1      | Reached XP level 2. HP: 7/15 MP: 0/5
   106 | D:1      | Learned a level 2 spell: Searing Ray
   380 | D:3      | Found a shadowy altar of Dithmenos.
   474 | D:2      | Reached XP level 3. HP: 16/19 MP: 1/7
   523 | D:2      | Slain by an adder

Vault maps used:
D:1:      dpeg_arrival_brainrot
D:2:      dancing_weapons_uskayaw, dk_vineyard_2
D:3:      nicolae_dithmenos_through_a_glass_darkly, corner_web_ring

Skill      XL: |  1  2  3 |
---------------+----------+-----
Spellcasting   | 3 |  3.0
Dodging        | |  2.4
Stealth        | |  2.6
Conjurations   | |  4.4

Action                   || total
-------------------------++-------
Melee: Unarmed           ||    20
       Dagger            ||    13
 Cast: Magic Dart        ||    28
       Searing Ray       ||     1
 Stab: Sleeping          ||     2
Armor: Robe              ||     9
Dodge: Dodged            ||    47
